 Dungeon Crawl Stone Soup version 0.30.1-4-g462c640d31 (webtiles) character file.

Game seed: 953802607432239852

29 spardeous the Conjurer (level 2, 20/20 HPs)
             Began as a Demigod Conjurer on Aug 11, 2023.
             Got out of the dungeon alive.
             The game lasted 00:00:31 (1258 turns).

spardeous the Conjurer (Demigod Conjurer)           Turns: 1258, Time: 00:00:32

Health: 20/20      AC:  2    Str:  8    XL:     2   Next: 81%
Magic:  7/7        EV: 12    Int: 20    God:
Gold:   22         SH:  0    Dex: 12    Spells: 4/5 levels left

rFire   . . .        (no weapon)
rCold   . . .        (no shield)
rNeg    . . .        a - +0 robe
rPois   .            (no helmet)
rElec   .            (no cloak)
rCorr   .            (no gloves)
SInv    .            (no boots)
Will    .....        (no amulet)
Stlth   ++           (no ring)
HPRegen 0.23/turn    (no ring)
MPRegen 0.10/turn

%: no passive effects
@: no status effects
A: high MP 1, forlorn, divine attributes
a: no special abilities


You escaped.
You visited 1 branch of the dungeon, and saw 1 of its levels.

You collected 22 gold pieces.

Inventory:

Armour
 a - a +0 robe (worn)
Scrolls
 c - 3 scrolls of identify {unknown}
Potions
 b - a potion of magic
 d - 2 potions of attraction
 e - a potion of lignification


   Skills:
 - Level 1.7 Dodging
 - Level 1.7 Stealth
 + Level 2.4 Spellcasting
 + Level 4.1 Conjurations


You had 4 spell levels left.
You knew the following spells:

 Your Spells              Type           Power      Damage    Failure   Level
a - Magic Dart            Conj           72%        1d6       2%          1

Your spell library contained the following spells:

 Spells                   Type           Power      Damage    Failure   Level
 Searing Ray              Conj           36%        2d5       4%          2
 Dazzling Flash           Conj/Hex       20%        N/A       19%         3
 Tukima's Dance           Hex            2%         N/A       41%         3
 Fulminant Prism          Conj/Hex       5%         3d7       54%         4
 Iskenderun's Mystic Bla  Conj/Tloc      10%        2d4       54%         4
 Passage of Golubria      Tloc           2%         N/A       83%         4
 Yara's Violent Unravell  Hex/Tmut       1%         3d3       99%         5


Dungeon Overview and Level Annotations

Branches:
Dungeon (1/15)


Innate Abilities, Weirdness & Mutations

You have an increased reservoir of magic. (+10% MP)
You shall have no god before yourself.
Your divine heritage dramatically boosts your attributes as you level up.


Message History

You can't see any susceptible monsters within range! (Use Z to cast anyway.) Done exploring.
Casting: Magic Dart (safe; 2% risk of failure)
Confirm with . or Enter, or press ? or * to list all spells.
You can't see any susceptible monsters within range! (Use Z to cast anyway.) Done exploring.
Casting: Magic Dart (safe; 2% risk of failure)
Confirm with . or Enter, or press ? or * to list all spells.
You can't see any susceptible monsters within range! (Use Z to cast anyway.) Search for what [? for help]?
D
As you read the scroll labelled ODEUJI QIECEGA, it crumbles to dust.
You feel strangely unstable.
It was a scroll of teleportation.
As you read the scroll labelled FORHUALEKAYRR, it crumbles to dust.
The air around you briefly surges with heat, but it dissipates.
It was a scroll of immolation.
As you read the scroll labelled CUTICL KAFRU, it crumbles to dust.
You feel momentarily disoriented.
It was a scroll of magic mapping.
Your surroundings suddenly seem different.
As you read the scroll labelled SOITOPOSUJ, it crumbles to dust.
It is a scroll of enchant armour.
Really abort (and waste the scroll)?
Okay, then.
It was a potion of attraction.
You feel attractive to monsters.
It was a potion of lignification.
You turn into a tree.
Your +0 robe melds into your body.
Your roots penetrate the ground.
You now have 30/30 hp.
You start resting.
Your transformation is almost over.
You feel less attractive to monsters.
You start resting.
HP restored.
You feel less wooden.
Your +0 robe unmelds from your body.
You now have 20/20 hp.
You open the door.
There is an open door here.
There is a staircase leading out of the dungeon here.
Are you sure you want to leave the Dungeon?
This will make you lose the game!
You have escaped!

##.# #.#......#.#. ##.#
#..........#.
##.###########################.#.
...........................>>....
.#.#####.##################.##.##
.#.# #.# ######### #.##.#. .#.#
#.#####.....#.### #.##.#. .#.#
#.....#.....#...# #.##.#.
.#.#########.'..@..'.#.# #.##.#.
##.#.........#.....#.#.####.##.#.
##.#.###..#..#.....#.#....#.##.#.
##.#...#.....#######.####.#.##.#.
##.#.........##....#.# #.#.##.#.
.............##.##.#.# #.#.##.#†
##.#.##.........##.#.# #.#.##.#.
...#.#.......#..##.#.# #.#.##.#.
........####.#...#.#.# #.#.##.#.


There were no monsters in sight!

Vanquished Creatures
  4 ball pythons (D:1)
  3 giant cockroaches (D:1)
  8 goblins (D:1)
  A hobgoblin (D:1)
  2 quokkas (D:1)
  A frilled lizard (D:1)
  2 kobolds (D:1)
  4 rats (D:1)
25 creatures vanquished.

Notes
Turn   | Place    | Note
-------+----------+-------------------------------------------
     0 | D:1      | spardeous the Demigod Conjurer began the quest for the Orb.
     0 | D:1      | Reached XP level 1. HP: 14/14 MP: 5/5
   348 | D:1      | Reached XP level 2. HP: 20/20 MP: 3/7
   760 | D:1      | Reached skill level 4 in Conjurations
  1258 | D:$      | Got out of the dungeon alive.

Illustrated notes

Levels and vault maps discovered:
D:1:      minmay_arrival_checkered_box, layout_basic,
          shapermc_ecumenical_altar_ellora, minmay_tetromino_o2

Skill      XL: |  1  2 |
---------------+-------+-----
Spellcasting   | 2 |  2.4
Conjurations   | 4 |  4.1
Dodging        | |  1.7
Stealth        | |  1.7

Action                     || total
---------------------------++-------
   Cast: Magic Dart        ||    41
    Use: Scroll            ||     4
         Potion            ||     2
  Dodge: Dodged            ||     2
